 Dungeon Crawl Stone Soup version 0.30-a0-241-g1121274140 (webtiles) character file.

Game seed: 15859718509641187553

94550 Lobster4 the Crack Shot (level 15, -5/88 HPs)
             Began as a Deep Elf Hunter on Oct 10, 2022.
             Was the Champion of Fedhas.
             Slain by a ghost moth (15 damage)
             ... on level 1 of the Spider Nest on Oct 11, 2022.
             The game lasted 02:36:30 (30454 turns).

Lobster4 the Crack Shot (Deep Elf Hunter)          Turns: 30454, Time: 02:36:30

Health: -5/88      AC: 16    Str:  8      XL:     15   Next: 63%
Magic:  0/31       EV: 17    Int: 15 (16) God:    Fedhas [******]
Gold:   2658       SH:  5    Dex: 30      Spells: 19/34 levels left

rFire   + . .      SeeInvis .    a - +3 longbow (vorpal)
rCold   + . .      Faith    .    (shield currently unavailable)
rNeg    . . .      Spirit   .    g - +2 robe {rC+ rF+}
rPois   +          Reflect  +    P - +2 helmet
rElec   .          Harm     .    p - +2 cloak
rCorr   .          Rampage  .    d - +2 pair of gloves
Will    +....                    s - +2 pair of boots
Stlth   +++.......               B - amulet of reflection
HPRegen 0.34/turn                j - ring of poison resistance
MPRegen 0.22/turn                C - +6 ring of dexterity

@: no status effects
A: no striking features
a: Renounce Religion, Wall of Briars, Grow Ballistomycete, Overgrow, Grow Oklob


You were on level 1 of the Spider Nest.
You worshipped Fedhas.
Fedhas was exalted by your worship.
You visited 5 branches of the dungeon, and saw 22 of its levels.
You also visited: Sewer, Bailey and Ice Cave.

You collected 2883 gold pieces.
You spent 225 gold pieces at shops.

Inventory:

Hand Weapons
 a - a +3 vorpal longbow (weapon)
 b - a +1 short sword of venom
 T - a +3 vorpal shortbow
Armour
 d - a +2 pair of gloves (worn)
 g - a +2 robe of resistance (worn)
 m - the +3 robe of Ennui {rF+ rCorr}
   (You found it on level 3 of the Dungeon)

   rF:        It protects you from fire.
   rCorr:     It protects you from acid and corrosion.
 p - a +2 cloak (worn)
 s - a +2 pair of boots (worn)
 y - a +0 ring mail of willpower
 P - a +2 helmet (worn)
 R - the -2 pair of gloves of Sussul {Fly Int+2}
   (You found it in a bailey)

   Int:       It affects your intelligence (+2).
   Fly:       It grants you flight.
Jewellery
 h - a ring of protection from cold
 j - a ring of poison resistance (left hand)
 q - the ring "Itseito" {rC- EV+4 Int+6 Stlth+}
   (You found it on level 4 of the Dungeon)

   [ring of evasion]

   EV:        It affects your evasion (+4).
   Int:       It affects your intelligence (+6).
   rC:        It makes you vulnerable to cold.
   Stlth:     It makes you more stealthy.
 r - a +4 ring of protection
 B - an amulet of reflection (around neck)
 C - a +6 ring of dexterity (right hand)
 O - an amulet of the acrobat
 Q - a ring of see invisible
 S - a ring of flight
Wands
 c - a wand of charming (3)
 e - a wand of digging (5)
 I - a wand of iceblast (9)
 M - a wand of flame (28)
Scrolls
 f - 4 scrolls of immolation
 u - 7 scrolls of teleportation
 x - a scroll of amnesia
 E - 2 scrolls of fear
 H - 2 scrolls of enchant armour
 J - 3 scrolls of silence
 X - 3 scrolls of poison
 Y - a scroll of blinking
Potions
 i - a potion of curing
 k - 4 potions of invisibility
 l - 3 potions of brilliance
 t - 5 potions of flight
 w - 2 potions of resistance
 z - a potion of haste
 A - 2 potions of magic
 D - 4 potions of berserk rage
 F - a potion of cancellation
 G - a potion of ambrosia
 N - 3 potions of might
Miscellaneous
 o - a phantom mirror
 L - a box of beasts
 U - a lightning rod (4/4)
 W - a phial of floods


   Skills:
 - Level 8.0 Fighting
 - Level 2.0 Short Blades
 - Level 22.0 Ranged Weapons
 - Level 3.0 Armour
 - Level 5.0 Dodging
 - Level 2.0 Stealth
 + Level 10.4 Spellcasting
 + Level 10.2 Conjurations
 - Level 10.0 Hexes
 - Level 5.0 Necromancy
 + Level 5.6 Translocations
 - Level 6.0 Air Magic
 - Level 6.0 Poison Magic
 + Level 10.2 Invocations
 - Level 3.0 Evocations


You had 19 spell levels left.
You knew the following spells:

 Your Spells              Type           Power      Damage    Failure   Level
a - Cigotuvi's Dreadful   Necr/Pois/Air  48%        N/A       1%          2
b - Poisonous Vapours     Pois/Air       50%        N/A       1%          2
c - Mephitic Cloud        Conj/Pois/Air  30%        N/A       1%          3
d - Cause Fear            Hex            18%        N/A       1%          4
e - Iskenderun's Mystic   Conj/Tloc      31%        2d8       3%          4

Your spell library contained the following spells:

 Spells                   Type           Power      Damage    Failure   Level
 Sublimation of Blood     Necr           22%        N/A       1%          2
 Dazzling Flash           Conj/Hex       76%        N/A       1%          3
 Vhi's Electric Charge    Tloc/Air       50%        N/A       2%          3
 Summon Guardian Golem    Hex/Summ       22%        N/A       3%          3
 Arcjolt                  Conj/Air       16%        1d26      9%          5
 Irradiate                Conj/Tmut      11%        3d15      30%         5
 Petrify                  Tmut/Erth      7%         N/A       67%         4
 Orb of Destruction       Conj           19%        9d8       75%         7
 Starburst                Conj/Fire      11%        6d5       86%         6
 Dragon Form              Tmut           3%         N/A       100%        7
 Spellforged Servitor     Conj/Summ      11%        N/A       100%        7
 Maxwell's Capacitive Co  Air            12%        ∞         100%        8
 Dragon's Call            Summ           3%         N/A       100%        9


Dungeon Overview and Level Annotations

Branches:
Dungeon (13/15)            Temple (1/1) D:5            Lair (5/5) D:11
  Swamp (0/4) Lair:2       Spider (1/4) Lair:2        Slime (0/5) Lair:4
    Orc (2/2) D:9             Elf (0/3) Orc:2         Sewer (visited)
 Bailey (visited)           IceCv (visited)
 Vaults: D:13-14

Altars:
Ashenzari
Cheibriados
Dithmenos
Elyvilon
Fedhas
Gozag
Hepliaklqana
Kikubaaqudgha
Makhleb
Nemelex Xobeh
Okawaru
Qazlal
Ru
Sif Muna
Trog
Uskayaw
Vehumet
Wu Jian
Xom
Yredelemnul
Zin
The Shining One
Jiyva

Shops:
D:4 [   D:6 !   D:8 *   Orc:2 ([!(

Portals:
Trove: D:10 (give +6 demon blade)

Annotations:
D:4 1 exclusion
D:10 Snorg
Lair:2 1 exclusion
Spider:1 exclusion: 2 emperor scorpions
Orc:1 1 runed translucent door


Message History

Deactivating autopickup; reactivate with Ctrl-A.
Something hits you but does no damage. Something completely misses you.
You feel you are being watched by something.
A culicivora comes into view.
Something hits you! Something barely misses you.
Something stings you but does no damage.
You feel you are being watched by something.
You feel your power leaking away. Something hits you but does no damage.
Something hits you. Something stings you!
You feel you are being watched by something.
Something hits you!
You feel dopey. Something barely misses you. Something stings you.
As you read the scroll of teleportation, it crumbles to dust.
You feel strangely unstable.
You feel you are being watched by something.
You feel your power leaking away. Something hits you.
Something hits you but does no damage.
Something stings you but does no damage.
Something hits you but does no damage. Something hits you!
* * * LOW HITPOINT WARNING * * *
Something closely misses you.
You feel you are being watched by something.
Something hits you.
* * * LOW HITPOINT WARNING * * *
Something hits you but does no damage.
Something stings you but does no damage.
Your surroundings seem slightly different.
Something hits you!
* * * LOW HITPOINT WARNING * * *
Something hits you!
* * * LOW HITPOINT WARNING * * *
Something closely misses you.
You feel better.
You feel you are being watched by something.
You feel your power leaking away. Something hits you!
You die...
Fedhas appreciates your contribution to the ecosystem.

#### ...# ...## #... ....##
#### #... ..[..#### ##^.# #..#
# ........#### #...###.!# #..
.^...###...######....##..##....
......#####..§.##....#.......#
......## ####†{@.^..#.....#
.......# ###...^^....# /......#
#.......### ....##.# #.......#
...##### #......## ..##
######..# .## ########### #..#
.# ##....^....### #..# ##
#.........>..## #..#


There were no monsters in sight!

Vanquished Creatures
  Saint Roka (Orc:2)
  Kirke (D:13)
  An orc warlord (Orc:2)
  An entropy weaver (Spider:1)
  5 hydras
  An ice dragon (D:13)
  3 boulder beetles
  2 centaur warriors (D:13)
  A tengu warrior (D:13)
  Erica (Orc:1)
  4 two-headed ogres
  4 catoblepae (Lair:5)
  8 death yaks (Lair:5)
  2 orc high priests
  Sonja (Lair:4)
  2 pharaoh ants (Spider:1)
  A sixfirhy (D:12)
  2 orb spiders (Spider:1)
  2 bog bodies (IceCv)
  10 orc knights
  4 lindwurms (Lair:2)
  A deep elf pyromancer (Bailey)
  5 cyclopes
  An ugly thing (D:12)
  5 orc sorcerers (Orc:2)
  A wolf spider (Spider:1)
  3 manticores
  A black mamba (Lair:4)
  17 elephants
  An ice statue (IceCv)
  5 torpor snails
  A rust devil (D:12)
  An eye of devastation (shapeshifter) (D:13)
  7 cane toads
  Maggie (D:7)
  2 unseen horrors
  A gargoyle (D:12)
  2 demonic crawlers (Spider:1)
  An anaconda simulacrum (IceCv)
  11 rime drakes
  A freezing wraith (IceCv)
  A hellwing (D:12)
  6 komodo dragons
  A tengu conjurer (D:13)
  9 trolls
  A meliai (Lair:2)
  A hornet (D:11)
  3 tarantellas (Spider:1)
  3 polar bears
  19 blink frogs
  4 saltlings (Orc:2)
  4 slime creatures (D:12)
  19 dream sheep
  3 jumping spiders (Spider:1)
  3 culicivoras (Spider:1)
  3 vampires
  A shadow (D:8)
  4 wyverns
  A dire elephant simulacrum (IceCv)
  4 hogs (D:13)
  4 water elementals (D:13)
  37 yaks
  3 wraiths
  A chaos spawn (D:12)
  13 redbacks (Spider:1)
  8 vampire mosquitoes
  A death yak simulacrum (IceCv)
  Menkaure (D:7)
  A harpy simulacrum (IceCv)
  5 acid dragons
  3 wargs
  8 water moccasins
  35 orc warriors
  A sky beast (D:6)
  An ice beast (D:6)
  3 ogres
  5 centaurs
  4 wolves (Lair:2)
  A phantom (D:5)
  4 kobold brigands
  8 bullfrogs
  A gnoll sergeant (D:11)
  3 cane toad simulacra
  A scorpion (D:5)
  2 two-headed ogre simulacra (IceCv)
  5 wights (D:10)
  15 killer bees
  8 elephant simulacra
  2 howler monkeys
  3 electric eels
  A jelly (D:5)
  9 orc priests
  5 hounds
  2 gnoll boudas
  Jessica (D:2)
  16 orc wizards
  Natasha (thrice) (D:3)
  2 iguanas
  A merfolk siren (Sewer)
  A merfolk avatar (Sewer)
  3 polar bear simulacra
  6 spriggan simulacra (IceCv)
  2 wolf simulacra
  8 troll simulacra (IceCv)
  25 gnolls
  3 river rats (Sewer)
  5 adders
  4 naga simulacra (IceCv)
  3 shadow imps
  7 white imps (IceCv)
  12 ufetubi
  7 worms
  2 dart slugs
  79 orcs
  15 ball pythons
  4 endoplasms
  9 giant cockroaches
  15 goblins
  12 hobgoblins
  33 kobolds
  8 quokkas
  4 bats
  12 frilled lizards
  26 rats
  A pillar of salt (Orc:2)
748 creatures vanquished.

Vanquished Creatures (collateral kills)
  An orc knight (Orc:1)
  An ugly thing (D:10)
  An elephant (Lair:5)
  3 blink frogs (Lair:5)
  A dream sheep (Lair:5)
  A yak (D:11)
  2 orc warriors (Orc:1)
  An orc priest (Orc:1)
  4 orc wizards
  An orc (Orc:1)
  7 ballistomycete spores
23 creatures vanquished.

Vanquished Creatures (others)
  2 orc knights
  A redback (Spider:1)
  An orc (Orc:1)
  36 fungi
  6 pillars of salt (Orc:2)
  51 plants
97 creatures vanquished.

Grand Total: 868 creatures vanquished

Notes
Turn   | Place    | Note
-------+----------+-------------------------------------------
     0 | D:1      | Lobster4 the Deep Elf Hunter began the quest for the Orb.
     0 | D:1      | Reached XP level 1. HP: 12/12 MP: 3/3
   196 | D:1      | Reached XP level 2. HP: 17/17 MP: 4/4
   601 | D:1      | Reached XP level 3. HP: 15/21 MP: 5/5
   827 | D:2      | Reached skill level 1 in Armour
  1082 | D:2      | Noticed Jessica
  1084 | D:2      | Reached XP level 4. HP: 26/26 MP: 6/6
  1094 | D:2      | Killed Jessica
  1095 | D:2      | Reached skill level 6 in Ranged Weapons
  1510 | D:2      | Reached XP level 5. HP: 31/31 MP: 7/7
  1895 | D:3      | Identified the +3 robe of Ennui {rF+ rCorr}
  1961 | D:3      | Identified the +3 plate armour "Daziuper" {Dex+7}
  2036 | D:3      | Found an ancient bone altar of Kikubaaqudgha.
  2375 | D:3      | Noticed Natasha
  2385 | D:3      | Killed Natasha
  2500 | D:3      | Found a sparkling altar of Nemelex Xobeh.
  2668 | D:3      | Reached XP level 6. HP: 36/36 MP: 8/8
  2802 | D:3      | Noticed Natasha
  2805 | D:3      | Killed Natasha
  2961 | D:3      | Noticed Natasha
  3078 | D:3      | Found an iron altar of Okawaru.
  3155 | D:4      | Found a burning altar of Makhleb.
  3157 | D:4      | Noticed a blizzard demon
  3177 | D:4      | Identified the ring "Itseito" {rC- EV+4 Int+6 Stlth+}
  3213 | D:4      | Found a glowing drain.
  3231 | Sewer    | Entered a sewer
  3368 | Sewer    | Reached skill level 7 in Ranged Weapons
  3513 | Sewer    | Identified the +2 leather armour of Makhleb's Generosity
                  | {rC+}
  3574 | D:4      | Identified the +1 ring mail of Vehumet, Writhing {MP+9}
  3643 | D:4      | Found Isuetal's Antique Armour Shop.
  3681 | D:4      | Found a bloodstained altar of Trog.
  3801 | D:4      | Reached skill level 5 in Dodging
  4122 | D:4      | Reached XP level 7. HP: 41/41 MP: 9/9
  4182 | D:4      | Reached skill level 1 in Short Blades
  4234 | D:5      | Entered Level 5 of the Dungeon
  4363 | D:5      | Learned a level 2 spell: Cigotuvi's Dreadful Rot
  4426 | D:5      | Found a staircase to the Ecumenical Temple.
  4451 | Temple   | Entered the Ecumenical Temple
  4537 | D:5      | Reached skill level 1 in Spellcasting
  4537 | D:5      | Reached skill level 1 in Necromancy
  4537 | D:5      | Reached skill level 1 in Poison Magic
  4756 | D:3      | Killed Natasha
  4757 | D:3      | Reached skill level 8 in Ranged Weapons
  4757 | D:3      | Reached skill level 1 in Air Magic
  4879 | D:5      | Found an ornate altar of the Wu Jian Council.
  4879 | D:5      | Found a shimmering blue altar of Sif Muna.
  4886 | D:5      | Found a glowing golden altar of the Shining One.
  4888 | D:5      | Found a hide-covered altar of Uskayaw.
  4890 | D:5      | Found a faded altar of an unknown god.
  5158 | D:5      | Found a white marble altar of Elyvilon.
  5398 | D:6      | Reached XP level 8. HP: 48/48 MP: 13/13
  5512 | D:6      | Identified a scroll of acquirement
  5513 | D:6      | Acquired an amulet of reflection
  5817 | D:6      | Reached skill level 9 in Ranged Weapons
  5866 | D:6      | Found Gyrcheoqe's Distillery.
  6193 | D:4      | Bought a pair of runed gloves for 225 gold pieces
  6347 | D:7      | Found a broken altar of Ashenzari.
  6376 | D:7      | Noticed Menkaure
  6384 | D:7      | Killed Menkaure
  6387 | D:7      | Reached skill level 1 in Evocations
  6654 | D:7      | Identified the +0 leather armour "Wuist" {rC- Str+4 Int+4}
  6740 | D:7      | Found a hazy altar of Hepliaklqana.
  7084 | D:7      | Noticed Maggie
  7090 | D:7      | Killed Maggie
  7091 | D:7      | Reached XP level 9. HP: 52/52 MP: 15/17
  7597 | D:8      | Found a blossoming altar of Fedhas.
  7603 | D:8      | Became a worshipper of Fedhas Madash
  8268 | D:8      | Reached skill level 10 in Ranged Weapons
  8268 | D:8      | Reached skill level 1 in Invocations
  8281 | D:8      | Reached skill level 5 in Necromancy
  8297 | D:8      | Reached skill level 5 in Spellcasting
  8299 | D:8      | Found Erhemo's Elemental Accessories.
  8569 | D:9      | Found a flagged portal.
  8599 | D:9      | Reached * piety under Fedhas
  8612 | D:9      | Learned a level 2 spell: Poisonous Vapours
  8616 | D:9      | Learned a level 3 spell: Mephitic Cloud
  8619 | Bailey   | Entered a bailey
  8749 | Bailey   | Noticed an orc knight
  8794 | Bailey   | Reached skill level 1 in Conjurations
  8817 | Bailey   | Killed an orc knight
  8818 | Bailey   | Reached skill level 5 in Poison Magic
  8818 | Bailey   | Reached XP level 10. HP: 58/58 MP: 19/19
  8875 | Bailey   | Found a large runed translucent door.
  8875 | Bailey   | Found a large runed translucent door.
  8876 | Bailey   | Noticed a deep elf pyromancer
  9014 | Bailey   | Killed a deep elf pyromancer
  9015 | Bailey   | Reached skill level 5 in Air Magic
  9068 | Bailey   | Identified the -2 pair of gloves of Sussul {Fly Int+2}
  9224 | D:9      | Reached skill level 11 in Ranged Weapons
  9240 | D:9      | Reached skill level 5 in Fighting
  9279 | D:9      | Reached ** piety under Fedhas
  9583 | D:9      | Found a staircase to the Orcish Mines.
  9883 | D:9      | Reached skill level 12 in Ranged Weapons
  9883 | D:9      | Reached skill level 5 in Conjurations
  9994 | D:10     | Entered Level 10 of the Dungeon
 10143 | D:10     | Found a snail-covered altar of Cheibriados.
 10395 | D:10     | Reached skill level 13 in Ranged Weapons
 10443 | D:10     | Noticed a cyan ugly thing
 10476 | D:10     | Killed a cyan ugly thing
 10837 | D:10     | Reached *** piety under Fedhas
 10839 | D:10     | Reached XP level 11. HP: 55/63 MP: 10/20
 11001 | D:10     | Noticed Snorg
 11103 | D:10     | Found a portal to a secret trove of treasure.
 11171 | D:11     | Learned a level 4 spell: Cause Fear
 11207 | D:11     | Reached skill level 14 in Ranged Weapons
 11282 | D:11     | Reached skill level 1 in Hexes
 11353 | D:11     | Found a staircase to the Lair.
 12253 | D:12     | Noticed a sixfirhy
 12278 | Lair:1   | Entered Level 1 of the Lair of Beasts
 12361 | Lair:1   | Reached skill level 5 in Hexes
 12396 | Lair:1   | Reached **** piety under Fedhas
 12397 | Lair:1   | Reached skill level 15 in Ranged Weapons
 12397 | Lair:1   | Reached skill level 5 in Invocations
 13681 | Lair:2   | Found a hole to the Spider Nest.
 13700 | Lair:2   | HP: 4/94 [meliai/divine providence (16)]
 14233 | Lair:2   | Noticed an eight-headed hydra
 14241 | Lair:2   | Killed an eight-headed hydra
 14244 | Lair:2   | Reached XP level 12. HP: 68/68 MP: 21/23
 14296 | Lair:2   | Found a staircase to the Swamp.
 14340 | Lair:2   | Reached skill level 16 in Ranged Weapons
 15830 | Lair:3   | Noticed an eight-headed hydra
 15837 | Lair:3   | Killed an eight-headed hydra
 16097 | Lair:4   | Noticed Sonja
 16315 | Lair:4   | Reached ***** piety under Fedhas
 16316 | Lair:4   | Found a frozen archway.
 16339 | IceCv    | Entered an ice cave
 16411 | IceCv    | Reached skill level 17 in Ranged Weapons
 17518 | Lair:4   | Found a viscous altar of Jiyva.
 17519 | Lair:4   | Found a staircase to the Slime Pits.
 17724 | Lair:4   | Killed Sonja
 17725 | Lair:4   | Reached XP level 13. HP: 76/76 MP: 24/28
 17754 | Lair:4   | Reached skill level 10 in Spellcasting
 18561 | Lair:5   | Entered Level 5 of the Lair of Beasts
 18711 | Lair:5   | Reached ****** piety under Fedhas
 18712 | Lair:5   | Reached skill level 18 in Ranged Weapons
 20597 | Lair:5   | Reached XP level 14. HP: 84/84 MP: 19/30
 21793 | Lair:5   | Reached skill level 10 in Hexes
 21951 | Lair:5   | Reached skill level 19 in Ranged Weapons
 21991 | Lair:5   | Identified the +8 plate armour of Conscience {rC+ rN+
                  | Int-4}
 22251 | Orc:1    | Entered Level 1 of the Orcish Mines
 22692 | Orc:2    | Entered Level 2 of the Orcish Mines
 22728 | Orc:2    | Learned a level 4 spell: Iskenderun's Mystic Blast
 22755 | Orc:2    | Noticed Saint Roka
 23042 | Orc:2    | Reached skill level 1 in Translocations
 23066 | Orc:2    | Killed Saint Roka
 23701 | Orc:2    | Found a staircase to the Elven Halls.
 23785 | Orc:1    | Noticed Erica
 24212 | Orc:1    | Found a runed translucent door.
 24215 | Orc:1    | Noticed a balrug
 24437 | Orc:1    | Killed Erica
 24832 | Orc:2    | Noticed an orc warlord
 24898 | Orc:2    | Killed an orc warlord
 24899 | Orc:2    | Reached skill level 10 in Invocations
 25077 | Orc:2    | Found Hubiehat's Antique Weapon Emporium.
 25394 | Orc:2    | Found Hogem's Distillery.
 25396 | Orc:2    | Found Qink's Armour Shop.
 25473 | Orc:2    | Found Tell's Antique Weapon Boutique.
 25777 | D:12     | Reached XP level 15. HP: 78/88 MP: 31/31
 26089 | D:12     | Reached skill level 20 in Ranged Weapons
 26273 | D:12     | Reached skill level 5 in Translocations
 26277 | D:12     | Reached skill level 10 in Conjurations
 27301 | D:13     | Noticed Kirke
 27325 | D:13     | Killed Kirke
 27768 | D:13     | Reached skill level 21 in Ranged Weapons
 29348 | Spider:1 | Entered Level 1 of the Spider Nest
 29520 | Spider:1 | Noticed an emperor scorpion
 29520 | Spider:1 | Noticed an emperor scorpion
 29979 | Spider:1 | Reached skill level 22 in Ranged Weapons
 30453 | Spider:1 | HP: 2/88 [something (9)]
 30454 | Spider:1 | Slain by a ghost moth

Illustrated notes

Levels and vault maps discovered:
D:1:      shiori_shiawase, layout_loops_cross, glass_columns_c
D:2:      layout_basic, moated_statue, kennysheep_jessica_study
D:3:      layout_loops_corners, nicolae_overflow_crystal_walls,
          nicolae_kikubaaqudgha_miasma_corner, general_overflow_altar,
          eino_tiny_chamber, minmay_between, uniq_natasha
D:4:      layout_cave_pools, mainiacjoe_overflow_concentric_impassable,
          makhleb_altar_promises_db, portal_sewer_entry_a, serial_shops,
          nicolae_lakefront_shop, serial_glass, glass_columns_c,
          glass_columns_a, feat_on_display, minmay_strange_pillars,
          item_on_display_a, nrook_uturn
D:5:      layout_basic, elyvilon_altar_4, chequers_temple_overflow_minitemple,
          minmay_temple_entry_overgrown, grunt_decor_one_mirror,
          serial_park_tiny_1, hangedman_decor_slide_cut
D:6:      layout_cave_pools, serial_shops, nicolae_inconvenience_store,
          kennysheep_generic_room_6
D:7:      corexii_shack_village, layout_cave_pods,
          ashenzari_conservatory_becter, mainiacjoe_overflow_boulevard,
          uniq_maggie, uniq_menkaure
D:8:      layout_loops_ring, fedhas_altar_3,
          hangedman_abyss_or_decor_jellyfish_corner, nicolae_elemental_shop,
          st_stairs_6
D:9:      layout_basic, orc_0_dummy, enter_bailey_4,
          minmay_fractal_squares_gapless_5
D:10:     layout_gridville, old_standard_altar, nicolae_trove_entry_diagonal,
          amethyst_killhole, kennysheep_generic_room_5, uniq_snorg
D:11:     layout_basic, lair_entry_dummy, eino_tiny_chamber
D:12:     layout_loops_corners, serial_demonic, serial_demonic_b,
          serial_demonic_e, serial_demonic_g, serial_demonic_e, nicolae_titane
D:13:     layout_basic, david_vaults_2, hellmonk_guarded_unrand_zhor, uniq_kirke
Temple:   nicolae_temple_ecumenical_triangle
Lair:1:   layout_regular_city, serial_rivers, chequers_serial_rivers_small_3,
          chequers_serial_rivers_large_b, chequers_serial_rivers_micro_e,
          chequers_serial_rivers_large_a, chequers_serial_rivers_micro_c,
          chequers_serial_rivers_room_b, chequers_serial_rivers_room_a,
          chequers_serial_rivers_marsh
Lair:2:   layout_cave_pods, swamp_mist, hellmonk_spider_entry_not_the_bees,
          minmay_lindwurm_lava
Lair:3:   layout_cave_pods, columned_hall_lemuel
Lair:4:   layout_long_grid, slime_entry_1, portal_ice_cave_entry_ice_simulacra,
          uniq_sonja
Lair:5:   evilmike_catoblepas_cave, layout_gridlike,
          chequers_serial_rivers_micro_b, grunt_megastairs_3,
          infiniplex_staircase_pool
Spider:1: layout_cave_pods, nicolae_spider_scorpion_nest
Orc:1:    dreamdust_dug_too_deep, layout_caves, special_room [special_room_orc],
          uniq_erica
Orc:2:    hellmonk_orc_salted, layout_caves, uniq_saint_roka

Skill      XL: |  1  2  3  4  5  6  7  8  9 10 11 12 13 14 15 |
---------------+----------------------------------------------+-----
Stealth        | 2 |  2.0
Fighting       | 2 3 4 5 7 8 |  8.0
Dodging        | 3 4 5 |  5.0
Armour         | 1 2 3 |  3.0
Ranged Weapons | 6 7 8 9 10 13 15 17 18 19 22 | 22.0
Short Blades   | 2 |  2.0
Spellcasting   | 2 4 5 6 9 10 | 10.4
Necromancy     | 1 3 5 |  5.0
Poison Magic   | 2 3 5 6 |  6.0
Air Magic      | 1 3 4 5 6 |  6.0
Evocations     | 2 3 |  3.0
Invocations    | 2 3 6 7 10 | 10.2
Conjurations   | 1 5 7 9 10 | 10.2
Hexes          | 6 7 9 10 | 10.0
Translocations | 4 5 |  5.6

Action                   |  1- 3 |  4- 6 |  7- 9 | 10-12 | 13-15 || total
-------------------------+-------+-------+-------+-------+-------++-------
Melee: Unarmed           |       |       |    13 |       |       ||    13
       Dagger            |       |       |    14 |       |       ||    14
       Short sword       |       |       |    20 |       |       ||    20
       Punch             |       |       |     2 |       |       ||     2
 Fire: Shortbow          |   102 |   243 |   372 |   918 |  1198 ||  2833
       Longbow           |       |       |       |       |   137 ||   137
 Cast: Cigotuvi's Dreadf |       |       |     1 |       |       ||     1
       Poisonous Vapours |       |       |       |    43 |   231 ||   274
       Mephitic Cloud    |       |       |       |       |    30 ||    30
       Cause Fear        |       |       |       |       |     4 ||     4
       Iskenderun's Myst |       |       |       |       |     7 ||     7
Invok: Wall of Briars    |       |       |       |     2 |    16 ||    18
       Grow Ballistomyce |       |       |       |       |     4 ||     4
Evoke: Wand              |       |       |    10 |    16 |    16 ||    42
       Box of beasts     |       |       |       |     1 |     1 ||     2
       Lightning rod     |       |       |       |       |     4 ||     4
       Phial of floods   |       |       |       |       |     1 ||     1
       Phantom mirror    |       |       |       |       |     1 ||     1
  Use: Scroll            |       |     9 |    14 |    11 |    13 ||    47
       Potion            |       |     2 |     5 |    10 |     8 ||    25
Armor: Leather armour    |     5 |     2 |    57 |    92 |    22 ||   178
       Ring mail         |       |     2 |       |       |       ||     2
       Skin              |       |    10 |     7 |    17 |       ||    34
       Robe              |       |    15 |       |    36 |   124 ||   175
Dodge: Dodged            |    11 |    64 |   182 |   304 |   365 ||   926
Block: Other             |       |       |    44 |    86 |    59 ||   189
       Reflection        |       |       |       |     4 |     8 ||    12

Table legend: (Time is in decaauts)
 A = Elapsed time spent in this place.
 B = Non-inter-level travel time spent in this place.
 C = Inter-level travel time spent in this place.
 D = Time resting spent in this place.
 E = Time spent auto-exploring this place.
 F = Levels seen in this place.
 G = Mean time per level.
                   A        B        C        D        E       F      G
               +--------+--------+--------+--------+--------+-----+--------+
         Total |  30188 |  27518 |   2670 |   5389 |  13610 |  25 | 1207.5 |
       Dungeon |  15302 |  13907 |   1395 |   2300 |   8225 |  13 | 1177.1 |
        Temple |     49 |     49 |      0 |      0 |     19 |   1 |   49.0 |
          Lair |   8889 |   7839 |   1050 |   1629 |   3784 |   5 | 1777.8 |
   Spider Nest |    948 |    935 |     13 |    395 |    203 |   1 |  948.0 |
  Orcish Mines |   3090 |   2879 |    211 |    647 |    980 |   2 | 1545.0 |
         Sewer |    336 |    336 |      0 |      0 |    167 |   1 |  336.0 |
        Bailey |    492 |    492 |      0 |     13 |      0 |   1 |  492.0 |
      Ice Cave |   1079 |   1079 |      0 |    404 |    230 |   1 | 1079.0 |
               +--------+--------+--------+--------+--------+-----+--------+

Top non-repeatable levels by time:
  Lair:5: 2925 daAuts
    D:13: 1823 daAuts
   Orc:2: 1822 daAuts
  Lair:2: 1786 daAuts
  Lair:4: 1609 daAuts
    D:12: 1441 daAuts
     D:7: 1437 daAuts
     D:3: 1367 daAuts
  Lair:1: 1365 daAuts
    D:10: 1286 daAuts
   Orc:1: 1268 daAuts
  Lair:3: 1204 daAuts
     D:2: 1202 daAuts
    D:11: 1156 daAuts
     D:9: 1129 daAuts
